 Dungeon Crawl Stone Soup version 0.30.1-3-gfc49f6343a (webtiles) character file.

Game seed: 12965739547023929666

32284 Pepete the Warrior (level 13, -18/234 HPs)
             Began as an Ogre Berserker on July 21, 2023.
             Was an Elder of Trog.
             Demolished by Rupert
             ... wielding a +4 great mace of holy wrath
              (42 damage)
             ... on level 3 of the Lair of Beasts.
             The game lasted 00:31:07 (31767 turns).

Pepete the Warrior (Ogre Berserker)                Turns: 31767, Time: 00:31:07

Health: -18/234    AC: 10    Str: 31    XL:     13   Next: 63%
Magic:  0/13       EV: 15    Int: 11    God:    Trog [****..]
Gold:   1007       SH:  0    Dex: 18    Spells: 12/12 levels left

rFire   . . .        F - +11 triple sword "Ropnaosk" {elec, Str+3}
rCold   + + .        (shield currently unavailable)
rNeg    . . .        P - +0 ice dragon scales
rPois   .            (helmet restricted)
rElec   +            h - scarf {+Inv}
rCorr   .            (gloves unavailable)
SInv    .            (boots unavailable)
Will    ++++.        K - amulet of guardian spirit Stlth
                     c - +6 ring of dexterity
HPRegen 1.59/turn    f - ring of the Seven Ziggurats {rElec rF+ Will+ Int+3 Dex+4}
MPRegen 0.13/turn

%: guardian spirit
@: berserking, strong-willed, regenerating, very quick
A: large, unfitting armour, tough skin 1, hooves 1
a: Renounce Religion, Evoke Invisibility, Berserk, Trog's Hand, Brothers in Arms


You were on level 3 of the Lair of Beasts.
You worshipped Trog.
Trog was greatly pleased with you.
You visited 2 branches of the dungeon, and saw 14 of its levels.
You also visited: Ossuary, Bailey and Ice Cave.

You collected 1139 gold pieces.
You spent 132 gold pieces at shops.

Inventory:

Hand Weapons
 a - a +0 mace
 k - a +0 heavy sling
 o - a +0 flail
 s - a +1 giant spiked club of electrocution
 y - the +6 morningstar "Gohaaf" {drain, Drain rPois Str+5}
   (You found it in an ossuary)

   Str:       It affects your strength (+5).
   rPois:     It protects you from poison.
   Drain:     It drains your maximum health when unequipped.
 z - a +8 battleaxe
 F - the +11 triple sword "Ropnaosk" (weapon) {elec, Str+3}
   (You acquired it on level 7 of the Dungeon)

   Str:       It affects your strength (+3).
 R - a +2 war axe of freezing
 S - a +2 longbow of freezing
Missiles
 J - 3 throwing nets (quivered)
Armour
 b - a +1 animal skin
 h - a scarf of invisibility (worn)
 r - a +3 troll leather armour
 v - a +1 robe
 G - a +0 kite shield
 P - +0 ice dragon scales (worn)
 Q - a +2 robe of willpower
Jewellery
 c - a +6 ring of dexterity (left hand)
 f - the ring of the Seven Ziggurats (right hand) {rElec rF+ Will+ Int+3 Dex+4}
   (You acquired it on level 7 of the Dungeon)

   [ring of willpower]

   Int:       It affects your intelligence (+3).
   Dex:       It affects your dexterity (+4).
   rF:        It protects you from fire.
   rElec:     It insulates you from electricity.
   Will:      It increases your willpower.
 m - a ring of ice
 u - a ring of resist corrosion
 C - a ring of poison resistance
 D - a +6 ring of intelligence
 K - an amulet of guardian spirit (around neck)
 L - a +4 ring of protection
 O - a ring of protection from cold
 V - an amulet of reflection
Wands
 e - a wand of polymorph (12)
 g - a wand of charming (5)
 l - a wand of mindburst (7)
 p - a wand of flame (72)
 q - a wand of roots (8)
 w - a wand of digging (3)
Scrolls
 d - 3 scrolls of brand weapon
 i - 6 scrolls of teleportation
 j - a scroll of immolation {unknown}
 n - 6 scrolls of fog
 A - a scroll of identify
 T - a scroll of fear
 U - 2 scrolls of blinking
Potions
 t - 4 potions of cancellation
 x - 2 potions of mutation
 B - a potion of might
 E - 2 potions of haste
 H - a potion of ambrosia
 I - a potion of invisibility
 M - 3 potions of magic
 N - 4 potions of flight


   Skills:
 + Level 17.2 Fighting
 * Level 10.9 Long Blades
 - Level 9.1 Maces & Flails
 * Level 14.1 Dodging


You had 12 spell levels left.
You didn't know any spells.
Your spell library was empty.

Dungeon Overview and Level Annotations

Branches:
Dungeon (11/15)            Temple (0/1) D:4            Lair (3/5) D:11
 Spider (0/4) Lair:2          Orc (0/2) D:9         Ossuary (visited)
 Bailey (visited)           IceCv (visited)
  Swamp: Lair:2-3    Shoals: Lair:2-3

Altars:
Ashenzari
Cheibriados
Dithmenos
Elyvilon
Fedhas
Gozag
Hepliaklqana
Kikubaaqudgha
Sif Muna
Trog
Vehumet
Xom
Zin

Shops:
D:3 =   D:9 *

Annotations:
Lair:3 Rupert


Innate Abilities, Weirdness & Mutations

You are too large for most types of armour.
You have tough skin. (AC +1)
You have large cloven feet.


Message History

Rupert goes berserk!
The rime drake bites you but does no damage.
Unknown command.
You fail to use your ability.
Rupert barely misses you.
Rupert hits you with a +4 great mace of holy wrath!!!
The rime drake misses you.
You hear an angry hiss.
Unknown command.
A red film seems to cover your vision as you go berserk!
You feel yourself moving faster!
You feel mighty!
Rupert hits you with a +4 great mace of holy wrath!!
The rime drake bites you.
* * * LOW HITPOINT WARNING * * *
You slash Rupert! Your kick misses Rupert.
Rupert is lightly wounded.
Rupert closely misses you.
A komodo dragon comes into view.
The rime drake bites you.
* * * LOW HITPOINT WARNING * * *
Rupert hits you with a +4 great mace of holy wrath!!
* * * LOW HITPOINT WARNING * * *
You slice Rupert!! Lightning courses through Rupert!
Rupert is moderately wounded.
The rime drake misses you. Rupert barely misses you.
Unknown command.
You slice Rupert!! Lightning courses through Rupert!
Rupert is heavily wounded.
Rupert hits you with a +4 great mace of holy wrath.
* * * LOW HITPOINT WARNING * * *
The rime drake bites you but does no damage.
Unknown command.
You slice Rupert!! Your kick misses Rupert.
Rupert is heavily wounded.
Rupert hits you with a +4 great mace of holy wrath!!
* * * LOW HITPOINT WARNING * * *
The rime drake bites you but does no damage.
You slice Rupert!! Lightning courses through Rupert!! You kick Rupert!
Rupert is almost dead.
Rupert hits you with a +4 great mace of holy wrath!!!
You die...

## ####.........
##........
#.........
##....#...
##.....#..
#.........
#.........
#..#...#..
#@........
......k@........
................
^...............
...........l....
...............
...............
...............


You could see Rupert (berserk), a komodo dragon and a rime drake.

Vanquished Creatures
  An orc warlord (Bailey)
  A hydra (D:10)
  3 two-headed ogres
  12 death yaks
  2 bog bodies (IceCv)
  2 cyclopes
  A manticore (D:11)
  Joseph (D:7)
  A black mamba (Lair:1)
  An ice statue (IceCv)
  A demonic crawler (Lair:2)
  A gargoyle (D:10)
  3 cane toads
  An unseen horror (D:11)
  4 komodo dragons
  A rime drake (Lair:1)
  A freezing wraith (IceCv)
  3 polar bears
  An ice devil (IceCv)
  2 trolls
  2 hornets
  6 centaur simulacra (D:11)
  A dire elephant simulacrum (IceCv)
  A shadow (D:10)
  A wraith (D:11)
  A vampire (D:11)
  2 wyverns
  4 basilisks
  3 death yak simulacra (IceCv)
  A steam dragon (Lair:1)
  15 yaks
  2 vampire mosquitoes (D:11)
  A warg (D:9)
  A harpy simulacrum (IceCv)
  Menkaure (D:5)
  Edmund (D:4)
  A hydra simulacrum (IceCv)
  An acid dragon (D:10)
  5 water moccasins
  9 orc warriors
  3 sky beasts
  An ice beast (D:6)
  4 ogres
  6 black bears
  5 centaurs
  8 wolves
  5 kobold brigands
  An elf zombie (Ossuary)
  6 bullfrogs
  A cane toad simulacrum (IceCv)
  3 two-headed ogre simulacra (IceCv)
  A gnoll sergeant (D:7)
  7 scorpions
  3 wights (D:10)
  16 killer bees
  5 elephant simulacra (IceCv)
  4 howler monkeys
  A centaur zombie (Ossuary)
  3 jellies
  4 gnoll boudas
  6 orc priests
  2 hounds
  A sleepcap (D:6)
  5 iguanas
  Ijyb (D:3)
  12 orc wizards
  5 spriggan simulacra (IceCv)
  3 troll simulacra (IceCv)
  3 polar bear simulacra (IceCv)
  2 wolf simulacra (IceCv)
  2 mummies (Ossuary)
  Robin (D:4)
  23 gnolls
  3 naga simulacra (IceCv)
  15 adders
  A shadow imp (D:6)
  24 white imps
  15 ufetubi
  An adder zombie (Ossuary)
  4 worms
  3 dart slugs
  32 orcs
  4 ball pythons
  12 endoplasms
  7 giant cockroaches
  15 goblins
  13 hobgoblins
  8 jackals
  A quokka (D:4)
  7 bats
  5 frilled lizards
  3 goblin zombies (Ossuary)
  11 hobgoblin zombies
  3 jackal zombies (Ossuary)
  39 kobolds
  8 kobold zombies (Ossuary)
  8 orc zombies (Ossuary)
  6 rats
  2 rat zombies (Ossuary)
505 creatures vanquished.

Vanquished Creatures (others)
  An orc wizard (D:11)
  An ufetubus (IceCv)
2 creatures vanquished.

Grand Total: 507 creatures vanquished

Notes
Turn   | Place    | Note
-------+----------+-------------------------------------------
     0 | D:1      | Pepete the Ogre Berserker began the quest for the Orb.
     0 | D:1      | Reached XP level 1. HP: 24/24 MP: 1/1
   165 | D:1      | Reached XP level 2. HP: 24/33 MP: 2/2
   470 | D:1      | Found a faded altar of an unknown god.
   893 | D:1      | Reached XP level 3. HP: 34/40 MP: 3/3
  1032 | D:1      | Reached ** piety under Trog
  1203 | D:2      | Reached skill level 5 in Fighting
  1778 | D:2      | Found an ancient bone altar of Kikubaaqudgha.
  2358 | D:3      | Found Kazarego's Jewellery Emporium.
  2480 | D:3      | Reached XP level 4. HP: 16/50 MP: 4/4
  3136 | D:3      | Noticed Ijyb
  3142 | D:3      | Killed Ijyb
  3143 | D:3      | Reached skill level 6 in Fighting
  3143 | D:3      | Reached XP level 5. HP: 59/59 MP: 5/5
  3383 | D:3      | Found a snail-covered altar of Cheibriados.
  3607 | D:4      | Noticed Robin
  3607 | D:4      | Noticed an ogre
  3619 | D:4      | Killed an ogre
  3620 | D:4      | Reached XP level 6. HP: 63/68 MP: 6/6
  4018 | D:4      | Killed Robin
  4164 | D:4      | Found an opulent altar of Gozag.
  4217 | D:4      | Reached skill level 7 in Fighting
  4220 | D:4      | Noticed Edmund
  4223 | D:4      | Reached skill level 5 in Maces & Flails
  4226 | D:4      | Killed Edmund
  4227 | D:4      | Reached XP level 7. HP: 46/79 MP: 7/7
  4597 | D:4      | Reached skill level 8 in Fighting
  5751 | D:4      | Found a staircase to the Ecumenical Temple.
  6062 | D:5      | Entered Level 5 of the Dungeon
  6076 | D:5      | Reached skill level 9 in Fighting
  6076 | D:5      | Reached XP level 8. HP: 18/92 MP: 8/8
  6603 | D:5      | Found a sand-covered staircase.
  6608 | D:5      | Reached *** piety under Trog
  6653 | Ossuary  | Entered an ossuary
  7195 | Ossuary  | Reached **** piety under Trog
  7271 | Ossuary  | Identified the +6 morningstar "Gohaaf" {drain, Drain rPois
                  | Str+5}
  7289 | D:5      | Noticed Menkaure
  7296 | D:5      | Killed Menkaure
  7753 | D:5      | Found an ancient bone altar of Kikubaaqudgha.
  7969 | D:5      | Reached skill level 10 in Fighting
  8670 | D:5      | Found a bloodstained altar of Trog.
  9044 | D:6      | Reached XP level 9. HP: 98/102 MP: 9/9
  9050 | D:6      | Gained mutation: Your spells are a little easier to cast,
                  | but a little less powerful. [potion of mutation]
  9050 | D:6      | Lost mutation: Your spells are a little easier to cast, but
                  | a little less powerful. [potion of mutation]
  9050 | D:6      | Gained mutation: You have large cloven feet. [potion of
                  | mutation]
  9147 | D:6      | Found a shadowy altar of Dithmenos.
  9626 | D:6      | Reached skill level 11 in Fighting
 10970 | D:7      | Reached skill level 5 in Dodging
 11170 | D:7      | Identified a scroll of acquirement
 11170 | D:7      | Acquired the ring of the Seven Ziggurats {rElec rF+ Will+
                  | Int+3 Dex+4}
 11289 | D:7      | Noticed Joseph
 11298 | D:7      | Killed Joseph
 11299 | D:7      | Reached skill level 12 in Fighting
 11393 | D:7      | Found a flagged portal.
 11419 | Bailey   | Entered a bailey
 11424 | Bailey   | Noticed an orc warlord
 12323 | Bailey   | Found a runed translucent gate.
 12323 | Bailey   | Found a runed translucent gate.
 12323 | Bailey   | Found a runed translucent gate.
 12331 | Bailey   | Reached XP level 10. HP: 99/115 MP: 10/10
 12645 | Bailey   | Killed an orc warlord
 12824 | D:7      | Acquired the +11 triple sword "Ropnaosk" {elec, Str+3}
 13216 | D:7      | Reached skill level 1 in Long Blades
 14002 | D:7      | Found a blossoming altar of Fedhas.
 14016 | D:7      | Found a shimmering blue altar of Sif Muna.
 14028 | D:7      | Reached skill level 13 in Fighting
 14356 | D:8      | Found a shimmering altar of Xom.
 15122 | D:8      | Found a radiant altar of Vehumet.
 15264 | D:9      | Found Byteops's Assorted Antiques.
 15672 | D:9      | Bought 2 potions of curing for 132 gold pieces
 15715 | D:9      | Noticed a two-headed ogre
 15733 | D:9      | Killed a two-headed ogre
 15816 | D:9      | Reached XP level 11. HP: 111/127 MP: 9/11
 16028 | D:9      | Noticed a two-headed ogre
 16038 | D:9      | Killed a two-headed ogre
 16039 | D:9      | Reached skill level 5 in Long Blades
 16084 | D:9      | Found a staircase to the Orcish Mines.
 16316 | D:9      | Found a hazy altar of Hepliaklqana.
 16378 | D:9      | Found a white marble altar of Elyvilon.
 16593 | D:10     | Entered Level 10 of the Dungeon
 16593 | D:10     | Noticed a four-headed hydra
 16599 | D:10     | Killed a four-headed hydra
 16600 | D:10     | Reached skill level 14 in Fighting
 16687 | D:10     | Found a broken altar of Ashenzari.
 17165 | D:10     | Reached skill level 10 in Dodging
 17352 | D:10     | Noticed a cyclops
 17359 | D:10     | Killed a cyclops
 17997 | D:10     | Found a glowing silver altar of Zin.
 18247 | D:11     | Noticed a two-headed ogre
 18259 | D:11     | Killed a two-headed ogre
 18368 | D:11     | Reached XP level 12. HP: 75/140 MP: 7/12
 18470 | D:11     | Found a frozen archway.
 18484 | D:11     | HP: 4/140 [something (5)]
 18485 | IceCv    | Entered an ice cave
 18768 | IceCv    | Reached ***** piety under Trog
 18785 | IceCv    | Reached skill level 15 in Fighting
 23590 | D:11     | Noticed a death yak
 23590 | D:11     | Noticed a death yak
 23590 | D:11     | Noticed a death yak
 23590 | D:11     | Noticed a death yak
 23591 | D:11     | Noticed a death yak
 23591 | D:11     | Noticed a death yak
 25029 | D:11     | Noticed a death yak
 25030 | D:11     | Noticed a death yak
 25897 | D:11     | Found a staircase to the Lair.
 25940 | D:11     | Killed a death yak
 25943 | D:11     | Killed a death yak
 25948 | D:11     | Killed a death yak
 25951 | D:11     | Killed a death yak
 25952 | D:11     | Reached skill level 16 in Fighting
 25952 | D:11     | Reached skill level 10 in Long Blades
 25957 | D:11     | Killed a death yak
 26848 | D:11     | Killed a death yak
 26849 | D:11     | Reached XP level 13. HP: 154/154 MP: 11/13
 27061 | Lair:1   | Entered Level 1 of the Lair of Beasts
 27573 | Lair:1   | Received a gift from Trog
 29351 | Lair:2   | Reached skill level 17 in Fighting
 31117 | Lair:2   | Found a hole to the Spider Nest.
 31753 | Lair:3   | Noticed Rupert
 31767 | Lair:3   | Demolished by Rupert

Illustrated notes

Levels and vault maps discovered:
D:1:      minmay_arrival_loop, layout_loops_cross,
          shapermc_ecumenical_altar_notcrosses
D:2:      layout_basic, basic_altar
D:3:      layout_loops_ring, kennysheep_slug_shrine, serial_shops,
          nicolae_lakefront_shop, uniq_ijyb
D:4:      layout_basic, mainiacjoe_overflow_alcove_1,
          minmay_temple_entry_butterflies, dreamdust_mushroom_princess,
          uniq_edmund, uniq_robin
D:5:      layout_rooms, lemuel_coloured_pillars_altar, lemuel_doored_altar,
          enter_ossuary_3, uniq_menkaure
D:6:      layout_basic, nicolae_dithmenos_through_a_glass_darkly,
          grunt_ministairs_6, minmay_misc_feat_rows, minmay_fountain_box,
          minmay_manual_mullet
D:7:      layout_basic, mainiacjoe_overflow_big_doors, enter_bailey_5,
          serial_curves, eino_curves_03, eino_curves_03, uniq_joseph
D:8:      layout_basic, general_overflow_altar, nicolae_overflow_crystal_walls
D:9:      layout_basic, mainiacjoe_overflow_paths, nzn_hepliaklqana_mist_gate,
          david_orc_3, nicolae_stop_n_shop_1
D:10:     layout_gridville, mainiacjoe_overflow_alcove_4,
          cheibrodos_ashenzari_chains, small_statue_intersection,
          grunt_potential
D:11:     layout_cave_pools, dpeg_lair_monsters, serial_ice, serial_ice_l,
          serial_ice_h, serial_ice_n, serial_ice_g, serial_ice_d, serial_ice_b,
          serial_ice_c, serial_ice_o, portal_ice_cave_entry_imps
Lair:1:   layout_cave_pods, grunt_megastairs_2
Lair:2:   layout_regular_city, nicolae_spider_entry_non_spiders
Lair:3:   layout_gridlike, swamp_mist, grunt_forest_large_clearings,
          lemuel_fruit_fields, infiniplex_staircase_pool, grunt_megastairs_3,
          serial_bayou_shore_a, lemuel_fruit_fields, uniq_rupert

Skill      XL: |  1  2  3  4  5  6  7  8  9 10 11 12 13 |
---------------+----------------------------------------+-----
Maces & Flails | 3 4 5 6 7 8 9 |  9.1
Fighting       | 5 6 7 9 10 12 13 14 16 17 | 17.2
Dodging        | 3 6 9 11 12 14 | 14.1
Long Blades    | 4 7 10 | 10.9

Action                     |  1- 3 |  4- 6 |  7- 9 | 10-12 | 13-15 || total
---------------------------+-------+-------+-------+-------+-------++-------
  Melee: Mace              |   157 |    28 |       |       |       ||   185
         Punch             |     1 |     1 |       |       |       ||     2
         Flail             |       |    57 |       |       |       ||    57
         Giant spiked club |       |    17 |   347 |   228 |       ||   592
         Kick              |       |       |    34 |   116 |    55 ||   205
         Triple sword      |       |       |       |   267 |   157 ||   424
 Invoke: Berserk           |     2 |     4 |     9 |    19 |     3 ||    37
         Trog's Hand       |       |     1 |     5 |     6 |     3 ||    15
         Brothers in Arms  |       |       |       |       |     1 ||     1
  Evoke: Wand              |       |       |       |     1 |       ||     1
    Use: Potion            |       |     1 |     4 |    18 |     2 ||    25
         Scroll            |       |       |    12 |    19 |     2 ||    33
   Stab: Sleeping          |       |     1 |     1 |     2 |       ||     4
         Distracted        |       |       |     1 |     1 |       ||     2
 Armour: Animal skin       |    70 |    14 |    17 |       |       ||   101
         Robe              |       |       |   145 |    27 |       ||   172
         Troll leather arm |       |       |       |   150 |       ||   150
         Ice dragon scales |       |       |       |    46 |    49 ||    95
  Dodge: Dodged            |   104 |    52 |   297 |   590 |   182 ||  1225
